 Dungeon Crawl Stone Soup version 0.29-a0-284-gf9362112df (webtiles) character file.

Game seed: 14430240977570214492

668 HotDog the Cudgeller (level 7, 0/44 HPs)
             Began as a Gargoyle Fighter on Mar 15, 2022.
             Was an Initiate of the Shining One.
             Slain by an orc
             ... wielding a +0 flail
              (1 damage)
             ... on level 6 of the Dungeon.
             The game lasted 00:06:34 (4149 turns).

HotDog the Cudgeller (Gargoyle Fighter)             Turns: 4149, Time: 00:06:34

Health: 0/44       AC: 16    Str: 21    XL:     7   Next: 58%
Magic:  8/8        EV:  6    Int:  9    God:    the Shining One [......]
Gold:   249        SH:  5    Dex: 11    Spells: 6/6 levels left

rFire   . . .      SeeInvis .   p - +2 flail (protect)
rCold   . . .      Faith    .   c - +0 buckler
rNeg    + . .      Spirit   .   f - +0 plate armour
rPois   ∞          Reflect  .   (no helmet)
rElec   +          Harm     .   (no cloak)
rCorr   .          Rampage  .   (no gloves)
Will    .....                   (no boots)
Stlth   ..........              (no amulet)
HPRegen 0.14/turn               (no ring)
MPRegen 0.11/turn               (no ring)

@: glowing
A: sickness immunity, AC +4, negative energy resistance 1, electricity
resistance, torment resistance 1, petrification resistance, thin skeletal
structure 1, screaming 1
a: Renounce Religion


You were on level 6 of the Dungeon.
You worshipped the Shining One.
The Shining One was noncommittal.
You visited 2 branches of the dungeon, and saw 7 of its levels.
You also visited: Sewer.

You collected 249 gold pieces.

Inventory:

Hand Weapons
 p - a +2 flail of protection (weapon)
Armour
 c - a +0 buckler (worn)
 f - a +0 plate armour (worn)
Wands
 k - a wand of flame (1)
Scrolls
 d - a scroll of enchant armour
 e - a scroll of teleportation {unknown}
 g - 2 scrolls of holy word
 i - a scroll of enchant weapon {unknown}
 m - a scroll of fog {unknown}
 n - a scroll of immolation {unknown}
 o - a scroll of silence {unknown}
Potions
 a - 2 potions of curing {unknown}
 h - 2 potions of brilliance
 j - a potion of haste
 l - 2 potions of flight


   Skills:
 * Level 4.5 Fighting
 * Level 5.4 Maces & Flails
 * Level 4.6 Armour
 * Level 1.8 Dodging
 * Level 4.4 Shields
 * Level 2.3 Invocations


You had 6 spell levels left.
You didn't know any spells.
Your spell library was empty.

Dungeon Overview and Level Annotations

Branches:
Dungeon (6/15)             Temple (1/1) D:4           Sewer (visited)

Altars:
Cheibriados
Hepliaklqana
Kikubaaqudgha
Nemelex Xobeh
Wu Jian
Xom
The Shining One

Annotations:
D:4 Edmund
D:5 Eustachio


Innate Abilities, Weirdness & Mutations

You are immune to sickness and miasma.
Your stone body is resilient. (AC +4)
You are immune to poison.
You resist negative energy. (rN+)
You are resistant to electric shocks. (rElec)
You are resistant to unholy torment.
You are immune to petrification.
You have a somewhat thin skeletal structure. (Dex +2, Stealth+)
You occasionally shout uncontrollably at your foes.


Message History

The water moccasin bites you.
* * * LOW HITPOINT WARNING * * *
You block the water moccasin's attack.
You miss the water moccasin.
The water moccasin is almost dead.
The water moccasin closely misses you.
The water moccasin bites you but does no damage.
You miss the water moccasin.
The water moccasin is almost dead.
The water moccasin bites you.
* * * LOW HITPOINT WARNING * * *
The water moccasin bites you but does no damage.
You closely miss the water moccasin.
The water moccasin is almost dead.
The water moccasin bites you but does no damage.
You hit the water moccasin.
Your weapon exudes an aura of protection.
You kill the water moccasin!
You start resting.
A sky beast comes into view.
You start resting.
A white imp comes into view.
An orc comes into view.
It is wielding a +0 short sword of electrocution.
The white imp shouts!
The orc shouts!
You hear a shout! x2
An orc comes into view. It is wielding a +0 club.
The white imp grins evilly.
An orc priest comes into view. It is wielding a +0 hand axe.
The orc shouts!
The orc priest shouts!
The orc priest invokes the aid of Beogh against you.
Beogh smites you!
* * * LOW HITPOINT WARNING * * *
An orc comes into view. It is wielding a +0 flail.
The orc shouts!
The white imp gestures at you. The puff of frost hits you!
* * * LOW HITPOINT WARNING * * *
The orc priest begins to cast a cantrip, but forgets the words!
The orc hits you but does no damage. The orc hits you with a +0 flail.
You die...

#...#.....#
#.........# #.#.#
.# #5.<# .. ###
#...#.### ...
#...o...#
#.#####...#.#.#
#.###..o.oo.....#
#......@#####.#.#
#######......>....
#..######.#.# #..#
...# #..# ... #..#
## ...# ##.#


You could see an orc priest and 3 orcs.

Vanquished Creatures
  Grinder (D:3)
  A water moccasin (D:6)
  A bullfrog (D:4)
  A scorpion (D:5)
  2 iguanas (D:5)
  Terence (D:2)
  Natasha (twice) (D:3)
  4 adders
  6 orcs
  5 endoplasms
  10 giant cockroaches
  9 goblins
  8 hobgoblins
  3 jackals (D:1)
  4 kobolds
  6 quokkas
  7 ball pythons
  3 bats
  14 frilled lizards
  4 rats
92 creatures vanquished.

Notes
Turn   | Place    | Note
-------+----------+-------------------------------------------
     0 | D:1      | HotDog the Gargoyle Fighter began the quest for the Orb.
     0 | D:1      | Reached XP level 1. HP: 14/14 MP: 1/1
   109 | D:1      | Reached XP level 2. HP: 19/19 MP: 2/2
   478 | D:1      | Reached XP level 3. HP: 23/23 MP: 3/3
  1431 | D:2      | Noticed Terence
  1443 | D:2      | Killed Terence
  1444 | D:2      | Reached skill level 3 in Maces & Flails
  1444 | D:2      | Reached XP level 4. HP: 5/29 MP: 4/4
  2048 | D:3      | Found a faded altar of an unknown god.
  2060 | D:3      | Noticed Natasha
  2066 | D:3      | Killed Natasha
  2067 | D:3      | Reached skill level 1 in Invocations
  2174 | D:3      | Noticed Grinder
  2174 | D:3      | Paralysed by Grinder for 6 turns
  2183 | D:3      | Gained mutation: Your spells are a little easier to cast,
                  | but a little less powerful. [potion of mutation]
  2183 | D:3      | Gained mutation: Your natural rate of healing is unusually
                  | fast. [potion of mutation]
  2183 | D:3      | Gained mutation: Your flesh is cold resistant. (rC+)
                  | [potion of mutation]
  2196 | D:3      | Killed Grinder
  2197 | D:3      | Reached skill level 4 in Maces & Flails
  2197 | D:3      | Reached skill level 1 in Dodging
  2197 | D:3      | Reached XP level 5. HP: 29/33 MP: 4/6
  2197 | D:3      | Reached XP level 6. HP: 33/38 MP: 4/7
  2327 | D:3      | Noticed Natasha
  2335 | D:3      | Killed Natasha
  2355 | D:3      | Lost mutation: Your spells are a little easier to cast, but
                  | a little less powerful. [potion of mutation]
  2355 | D:3      | Lost mutation: Your natural rate of healing is unusually
                  | fast. [potion of mutation]
  2355 | D:3      | Gained mutation: You occasionally shout uncontrollably at
                  | your foes. [potion of mutation]
  2355 | D:3      | Lost mutation: Your flesh is cold resistant. (rC+) [potion
                  | of mutation]
  2355 | D:3      | Gained mutation: You have a somewhat thin skeletal
                  | structure. (Dex +2, Stealth+) [potion of mutation]
  2591 | D:3      | Found a glowing drain.
  2615 | Sewer    | Entered a sewer
  3379 | D:3      | Found an ornate altar of the Wu Jian Council.
  3490 | D:4      | Found a staircase to the Ecumenical Temple.
  3501 | D:4      | Reached XP level 7. HP: 43/43 MP: 8/8
  3502 | Temple   | Entered the Ecumenical Temple
  3600 | Temple   | Became a worshipper of the Shining One
  3694 | D:4      | Noticed Edmund
  3710 | D:5      | Entered Level 5 of the Dungeon
  3716 | D:5      | Reached skill level 5 in Maces & Flails
  4023 | D:5      | Noticed Eustachio
  4023 | D:5      | Noticed a wyvern
  4146 | D:6      | HP: 1/44 [white imp/puff of frost (8)]
  4149 | D:6      | Slain by an orc

Illustrated notes

Levels and vault maps discovered:
D:1:      tarquinn_simple_flora_water_d, layout_basic, serial_corexii_hall,
          chequers_hall_statues_corner_a, corexii_hall_statues_t, st_stairs_10,
          minmay_misc_feat_square
D:2:      layout_loops_ring, uniq_terence
D:3:      layout_basic, pdpol_wu_jian_five_deadly_venoms,
          hellmonk_ecumenical_altar_leap_of_faith, gup_sewer_entry_glass,
          uniq_natasha, uniq_grinder
D:4:      layout_cave_pools, nicolae_gozag_seed_capital,
          minmay_temple_entry_antechambers, uniq_edmund, uniq_pikel
D:5:      layout_loops_ring, uniq_eustachio
D:6:      layout_basic, serial_shops, shop_fountains
Temple:   nicolae_temple_figure_eight

Skill      XL: |  1  2  3  4  5  6  7 |
---------------+----------------------+-----
Maces & Flails | 3 4 5 |  5.4
Invocations    | 1 2 |  2.3
Fighting       | 4 |  4.5
Dodging        | 1 |  1.8
Shields        | 4 |  4.4
Armour         | 4 |  4.6

Action                   |  1- 3 |  4- 6 |  7- 9 || total
-------------------------+-------+-------+-------++-------
Melee: Flail             |   111 |   152 |    35 ||   298
  Use: Potion            |       |     4 |     1 ||     5
       Scroll            |       |     4 |       ||     4
Armor: Scale mail        |    66 |       |       ||    66
       Plate armour      |    21 |   115 |    24 ||   160
Dodge: Dodged            |    55 |    50 |     8 ||   113
Block: Buckler           |    36 |    42 |     4 ||    82

Table legend: (Time is in decaauts)
 A = Elapsed time spent in this place.
 B = Non-inter-level travel time spent in this place.
 C = Inter-level travel time spent in this place.
 D = Time resting spent in this place.
 E = Time spent auto-exploring this place.
 F = Levels seen in this place.
 G = Mean time per level.
                   A        B        C        D        E       F      G
               +--------+--------+--------+--------+--------+-----+--------+
         Total |   4248 |   4104 |    144 |    436 |   2781 |   8 |  531.0 |
       Dungeon |   3719 |   3607 |    112 |    436 |   2522 |   6 |  619.8 |
        Temple |    132 |    100 |     32 |      0 |     88 |   1 |  132.0 |
         Sewer |    396 |    396 |      0 |      0 |    171 |   1 |  396.0 |
               +--------+--------+--------+--------+--------+-----+--------+

Top non-repeatable levels by time:
     D:3: 1188 daAuts
     D:2: 1095 daAuts
     D:1: 856 daAuts
   Sewer: 396 daAuts
     D:5: 309 daAuts
     D:4: 147 daAuts
  Temple: 132 daAuts
     D:6: 120 daAuts
